AoeStats
← BP | Leftraru

Arabia

510220394Analyzed
1v1 RM · 3d ago on Sep 30, 2026· 31m 41s· 2 players
Game mode
Random Map
Map size
Tiny (2 player)
Population
200
Speed
Normal
Resources
Standard
Victory
Conquest
Starting age
Dark Age
Ending age
Imperial Age
RankedLock teamsTeams togetherTeam positionsShared explorationLock speedFull tech treeHidden civsTurbo modeCheats
Victory
Defeat
🇨🇦 Goths · Canada
618
+17
🇨🇱 Vietnamese · Chile
631
-17
Troy 809
2:36 Loom
14:06 Feudal Age
14:22 Man-at-Arms
14:59 Double-Bit Axe
19:36 Scale Mail Armor
19:58 Forging
26:07 Castle Age
24:43 Horse Collar
24:57 Gold Mining
27:40 Squires
27:01 Pikeman
27:04 Long Swordsman
28:01 Chain Mail Armor
28:16 Town Watch
BP | Leftraru
3:11 Loom
10:09 Feudal Age
17:39 Castle Age
15:59 Horse Collar
17:37 Bloodlines
18:18 Double-Bit Axe
18:29 Stone Mining
19:34 Heavy Plow
22:43 Stone Shaft Mining
22:43 Forging
22:45 Gold Mining
23:47 Scale Barding Armor
25:43 Wheelbarrow
25:28 Town Watch
26:11 Husbandry
27:42 Chain Barding Armor
30:02 Iron Casting
30:00 Chatras
Connection lost

Rejoining the realm…

Still unreachable

The connection could not be restored.

Session expired

The server has moved on; the page needs a fresh start.